 Dungeon Crawl Stone Soup version 0.16-a0-286-g6bac339 (webtiles) character file.

1302 Kashira the Archer (level 8, -7/59 HPs)
             Began as a Centaur Hunter on Aug 28, 2014.
             Mangled by a killer bee (8 damage)
             ... on Level 4 of the Dungeon.
             The game lasted 00:36:58 (5654 turns).

Kashira the Archer (Centaur Hunter)                 Turns: 5654, Time: 00:36:59

HP  -7/59        AC  3     Str 15      XL: 8   Next: 31%
MP   6/6         EV 10     Int 10      God:
Gold 133         SH  0     Dex 12      Spells:  0 memorised,  7 levels left

rFire  . . .     SeeInvis .     p - +0 hunting sling
rCold  . . .     Clarity  +     d - +0 leather armour
rNeg   . . .     rCorr    .     (no shield)
rPois  .         rRot     .     K - +1 hat
rElec  .         Spirit   .     w - +0 cloak
SustAb .         Warding  .     J - -4 pair of gloves "Yssurali" {Slay+4}
rMut   .         Stasis   .     (no barding)
Gourm  .                        F - amulet of clarity
MR     .....                    (no ring)
                                (no ring)

@: lethally poisoned, about to teleport, very quick, not resistant to hostile
enchantments, very unstealthy
A: hooves 3, deformed body, speed 2, tough skin 3
a: no special abilities


You were on level 4 of the Dungeon.
You were very hungry.

You visited 1 branch of the dungeon, and saw 5 of its levels.

You collected 370 gold pieces.
You spent 237 gold pieces at shops.

Inventory:

Hand weapons
 b - a +1 shortbow
 p - a +0 hunting sling (weapon)
 z - a +0 dire flail
 D - a +0 dagger of speed
Missiles
 a - 3 needles of confusion
 q - 27 stones
 x - 45 poisoned needles
 C - 24 sling bullets (quivered)
 I - 8 tomahawks
 L - 9 arrows
Armour
 d - a +0 leather armour (worn)
 w - a +0 cloak (worn)
 B - a +0 animal skin
 J - the -4 pair of gloves "Yssurali" (worn) {Slay+4}
   (You bought it in a shop on level 4 of the Dungeon)

   It affects your accuracy and damage with ranged weapons and melee attacks
   (+4).
 K - a +1 hat (worn)
Magical devices
 c - a wand of digging (12) {unknown}
 h - a wand of random effects (10) {unknown}
 v - a wand of disintegration (5)
 A - a wand of teleportation (3) {unknown}
Comestibles
 f - 5 bread rations
 u - 2 beef jerkies
 G - 3 fruits
 H - 2 meat rations
 N - a slice of pizza
Scrolls
 e - a scroll of teleportation
 j - a scroll of remove curse
 l - 2 scrolls of noise {unknown}
 m - a scroll of random uselessness {unknown}
 n - a scroll of recharging {unknown}
 o - 2 scrolls of immolation {unknown}
 r - a scroll of enchant armour {unknown}
 t - 3 scrolls of magic mapping {unknown}
 y - a scroll of enchant weapon {unknown}
 M - a scroll of identify
Jewellery
 F - an amulet of clarity (around neck)
Potions
 g - a potion of restore abilities
 i - a potion of lignification {unknown}
 k - a potion of curing {unknown}
 s - 2 potions of might {unknown}
 E - a potion of agility {unknown}


   Skills:
 + Level 1.4 Fighting
 + Level 0.3(0.4) Short Blades
   Level 0.3(0.4) Long Blades
 + Level 0.2(0.3) Slings
 + Level 12.6 Bows
 + Level 0.3(0.4) Throwing
 + Level 1.5 Armour
 + Level 2.4 Dodging
 + Level 0.7 Stealth
 + Level 0.2 Evocations


You had 7 spell levels left.
You didn't know any spells.

Dungeon Overview and Level Annotations

Branches:
Dungeon (5/15)
 Temple: D:4-7

Altars:
Trog
Xom
Yredelemnul

Shops:
D:4 [**


Innate Abilities, Weirdness & Mutations

You have hooves in place of feet.
Armour fits poorly on your strangely shaped body.
You cover ground very quickly.
You have extremely tough skin (AC +3).


Message History

Okay, then.
The killer bee stings you but does no damage.
* * * LOW HITPOINT WARNING * * *
You feel sick. The killer bee closely misses you.
There is a stone staircase leading up here.
* * * LOW HITPOINT WARNING * * *
You feel sick.
The killer bee stings you but does no damage.
The killer bee stings you.
* * * LOW HITPOINT WARNING * * *
You climb upwards.
* * * LOW HITPOINT WARNING * * *
You feel sick.
There is a stone staircase leading down here.
Read which item? (? for menu, Esc to quit)
As you read the scroll labeled SAPPORCHUUSM, it crumbles to dust.
You feel strangely unstable.
It was a scroll of teleportation.
The killer bee stings you but does no damage.
The killer bee stings you!
You die...

#..###...###>######.## #..#
.........# #.....<..### ##.#
.........####.........######.####
...........##.#####..............
..............# ##b.............
.....##.>.....# ##...#####..##...
....>.....#...###.....####.###...
...............#........#.<###...
.#####.........y@y.###...........
.........####......#.#....#......
......#..# #..##.................
#..####..###..###.........[#.....
##.## #...##.####.#......##......
#..# ##..#..# #..#.....#...#....
##.## #....####.##.#..#....##...
##..###.......#.........#...#..#
##..#.....###..........###.......


You could see 2 killer bees.

Vanquished Creatures
  The ghost of Sneal the Traitor, an average MiDK of Yredelemnul (D:4)
  Edmund (D:5)
  Menkaure (D:4)
  An ice beast (D:5)
  A sky beast (D:5)
  A scorpion (D:5)
  2 crimson imps (D:5)
  A hound (D:4)
  A centaur skeleton (D:4)
  A giant frog skeleton (D:4)
  An orc wizard (D:5)
  2 iguanas (D:5)
  3 worker ants
  7 adders
  8 gnolls
  A human zombie (D:5)
  2 shadow imps (D:5)
  A giant mite (D:1)
  6 worms
  An adder zombie (D:5)
  3 giant geckos
  An ooze (D:1)
  9 orcs
  3 ball pythons
  8 bats
  A bat skeleton (D:4)
  5 giant cockroaches
  12 hobgoblins
  8 jackals
  16 kobolds
  3 giant newts
  12 goblins
  A hobgoblin skeleton (D:4)
  4 quokkas
  11 rats
140 creatures vanquished.

Notes
Turn   | Place    | Note
--------------------------------------------------------------
     0 | D:1      | Kashira, the Centaur Hunter, began the quest for the Orb.
     0 | D:1      | Reached XP level 1. HP: 16/16 MP: 1/1
   177 | D:1      | Reached XP level 2. HP: 23/23 MP: 2/2
   287 | D:1      | Reached skill level 6 in Bows
   588 | D:1      | Reached XP level 3. HP: 28/28 MP: 3/3
   919 | D:2      | Reached skill level 7 in Bows
   931 | D:2      | Reached XP level 4. HP: 25/35 MP: 3/3
  2023 | D:3      | Reached skill level 8 in Bows
  2089 | D:3      | Reached XP level 5. HP: 40/40 MP: 4/4
  2579 | D:3      | Found a bloodstained altar of Trog.
  2828 | D:4      | Noticed Menkaure
  2871 | D:4      | Noticed Sneal's ghost (average MiDK)
  3066 | D:4      | Killed Sneal's ghost
  3066 | D:4      | Reached skill level 9 in Bows
  3066 | D:4      | Reached skill level 1 in Armour
  3066 | D:4      | Reached XP level 6. HP: 47/47 MP: 5/5
  3142 | D:4      | Found a basalt altar of Yredelemnul.
  3200 | D:4      | Killed Menkaure
  3200 | D:4      | Reached skill level 10 in Bows
  3200 | D:4      | Reached XP level 7. HP: 52/52 MP: 5/5
  3319 | D:4      | Found Saumeeng's Antique Armour Shop.
  3321 | D:4      | Found a shimmering altar of Xom.
  3386 | D:4      | Found Zouseaz's General Store.
  3621 | D:4      | Found Qaly's General Store.
  4447 | D:4      | Bought a pair of brightly glowing gloves for 237 gold pieces
  4453 | D:4      | Identified the cursed -4 pair of gloves "Yssurali" {Slay+4} (You bought it in a shop on level 4 of the Dungeon)
  4487 | D:5      | Entered Level 5 of the Dungeon
  4599 | D:5      | Reached skill level 11 in Bows
  4990 | D:5      | Reached XP level 8. HP: 45/59 MP: 6/6
  5060 | D:5      | Reached skill level 12 in Bows
  5296 | D:5      | Noticed Edmund
  5349 | D:5      | Killed Edmund
  5652 | D:5      | HP: 2/59 [poisoned by a killer bee]
  5654 | D:4      | Mangled by a killer bee

Action                   |  1- 3 |  4- 6 |  7- 9 || total
-------------------------+-------+-------+-------++-------
Melee: Short sword       |    25 |    35 |       ||    60
       Falchion          |       |    14 |       ||    14
       Dagger            |       |       |    41 ||    41
 Fire: Shortbow          |    63 |   208 |   162 ||   433
       Hunting sling     |       |       |     2 ||     2
Throw: Throwing net      |       |       |     4 ||     4
Evoke: Wand              |       |     2 |     1 ||     3
  Use: Scroll            |     1 |     2 |     4 ||     7
  Eat: Chunk             |       |     5 |     4 ||     9
